 Dungeon Crawl Stone Soup version 0.31-a0-232-gb1c03b2570 (webtiles) character file.

Game seed: 5595436483454521171

72 qw the Shooter (level 4, -3/26 HPs)
             Began as a Gargoyle Hexslinger on July 6, 2023.
             Slain by a worm (9 damage)
             ... on level 3 of the Dungeon.
             The game lasted 00:00:43 (1929 turns).

qw the Shooter (Gargoyle Hexslinger)                Turns: 1929, Time: 00:00:44

Health: -3/26      AC:  8    Str: 11    XL:     4   Next: 26%
Magic:  5/5        EV: 10    Int: 14    God:
Gold:   116        SH:  0    Dex: 14    Spells: 4/5 levels left

rFire   . . .        Y - +2 sling
rCold   . . .        (no shield)
rNeg    + . .        a - +0 ring mail
rPois   inf          (no helmet)
rElec   +            (no cloak)
rCorr   .            (no gloves)
SInv    .            (no boots)
Will    .....        (no amulet)
Stlth   +            (no ring)
HPRegen 0.24/turn    (no ring)
MPRegen 0.09/turn

%: no passive effects
@: no status effects
A: sickness immunity, AC +3, negative energy resistance 1, electricity
resistance, torment resistance 1, petrification resistance
a: no special abilities


You were on level 3 of the Dungeon.
You visited 1 branch of the dungeon, and saw 3 of its levels.

You collected 149 gold pieces.
You spent 33 gold pieces at shops.


Innate Abilities, Weirdness & Mutations

You are immune to sickness and miasma.
Your stone body is resilient. (AC +3)
You are immune to poison.
You resist negative energy. (rN+)
You are resistant to electric shocks. (rElec)
You are resistant to unholy torment.
You are immune to petrification.


   Skills:
 - Level 2.0 Fighting
 - Level 4.0 Ranged Weapons
 + Level 0.2 Armour
 - Level 1.5 Dodging
 - Level 1.0 Spellcasting
 - Level 2.6 Hexes


You had 4 spell levels left.
You knew the following spells:

 Your Spells              Type           Power      Damage    Failure   Level
a - Slow                  Hex            32%        N/A       22%         1

Your spell library contained the following spells:

 Spells                   Type           Power      Damage    Failure   Level
 Inner Flame              Hex/Fire       4%         N/A       73%         3
 Portal Projectile        Hex/Tloc       8%         N/A       73%         3
 Cause Fear               Hex            4%         N/A       91%         4

Inventory:

Hand Weapons
 Y - a +2 sling (weapon)
Armour
 a - a +0 ring mail (worn)
Scrolls
 i - a scroll of identify
Potions
 f - a potion of cancellation {unknown}
 g - 5 potions of curing
 h - a potion of magic {unknown}
 j - a potion of might {unknown}
 k - a potion of degeneration {unknown}
 l - a potion of haste {unknown}

Dungeon Overview and Level Annotations

Branches:
Dungeon (3/15)

Altars:

Shops:
D:1 *


Message History

You shoot a sling bullet. The sling bullet hits the worm.
The worm is moderately wounded.
A worm comes into view.
Enter note:
Enter note: You shoot a sling bullet.
The sling bullet hits the worm.
The worm is moderately wounded.
You shoot a sling bullet.
The sling bullet barely misses the worm.
You shoot a sling bullet. The sling bullet hits the worm.
The worm is heavily wounded.
You shoot a sling bullet. The sling bullet hits the worm.
The worm is heavily wounded.
You shoot a sling bullet.
The sling bullet barely misses the worm.
The worm barely misses you.
You shoot a sling bullet.
The sling bullet hits the worm but does no damage.
The worm is moderately wounded.
The worm bites you but does no damage.
You shoot a sling bullet.
The sling bullet completely misses the worm.
You shoot a sling bullet. The sling bullet hits the worm.
The worm is heavily wounded.
The worm bites you but does no damage. The worm closely misses you.
You shoot a sling bullet. The sling bullet hits the worm.
The worm is heavily wounded.
The worm closely misses you. The worm bites you but does no damage.
You shoot a sling bullet. The sling bullet hits the worm!
The worm is severely wounded.
The worm closely misses you. The worm bites you but does no damage.
You shoot a sling bullet. The sling bullet hits the worm.
The worm is severely wounded.
You shoot a sling bullet. The sling bullet hits the worm.
The worm is almost dead.
The worm bites you. The worm bites you!
You shoot a sling bullet.
The sling bullet barely misses the worm.
The worm bites you! x2
You die...

#..........^.....
#................
#................
#................
#####.#####.###.
#..# .# ##.# #
#.# #@# #ww#
##... .....
....... .......
....... .......


You could see 2 worms.

Vanquished Creatures
  2 adders (D:2)
  3 orcs
  5 ball pythons
  3 endoplasms (D:1)
  2 giant cockroaches (D:1)
  3 goblins
  6 hobgoblins
  4 jackals (D:1)
  3 kobolds
  2 quokkas (D:1)
  4 bats
  5 frilled lizards
  6 rats
48 creatures vanquished.

Notes
Turn   | Place    | Note
-------+----------+-------------------------------------------
     0 | D:1      | qw the Gargoyle Hexslinger began the quest for the Orb.
     0 | D:1      | Reached XP level 1. HP: 12/12 MP: 2/2
     0 | D:1      | 0 ||| qw: Version: 0.3-a-46-gb1f654a
     0 | D:1      | 0 ||| qw: Game counter: 2090
     0 | D:1      | 0 ||| qw: Melee chars always use a shield: true
     0 | D:1      | 0 ||| qw: God list: Okawaru
     0 | D:1      | 0 ||| qw: Allow faded altars: false
     0 | D:1      | 0 ||| qw: Do Orc after clearing Dungeon:15 true
     0 | D:1      | 0 ||| qw: Do second Lair branch before Depths: true
     0 | D:1      | 0 ||| qw: Lair rune preference: random
     0 | D:1      | 0 ||| qw: Goals: Normal
     0 | D:1      | 0 ||| PLANNING D:1-11
   202 | D:1      | Reached XP level 2. HP: 11/16 MP: 3/3
   364 | D:1      | Reached skill level 3 in Ranged Weapons
   373 | D:1      | Found Xeome's General Store.
   381 | D:1      | 381 ||| BUYING potion of curing (33 gold).
   381 | D:1      | Bought a potion of curing for 33 gold pieces
   381 | D:1      | 381 ||| SHOPLISTING scroll of identify (22 gold, have 21).
   381 | D:1      | 381 ||| SHOPLISTING scroll of teleportation (33 gold, have
                  | 21).
   804 | D:1      | Reached XP level 3. HP: 10/21 MP: 4/4
  1066 | D:1      | 1066 ||| UPGRADING to +0 leather armour.
  1076 | D:1      | 1076 ||| DROPPING +0 robe.
  1077 | D:1      | 1077 ||| READING scroll labelled VUMEPN ZENGYFF.
  1078 | D:1      | 1078 ||| READING 2 scrolls labelled JEIN QOMOYSTRASEOF.
  1079 | D:1      | 1079 ||| DROPPING scroll of poison.
  1151 | D:2      | 1151 ||| STAIRDANCE
  1402 | D:2      | Reached XP level 4. HP: 26/26 MP: 5/5
  1409 | D:2      | Reached skill level 4 in Ranged Weapons
  1843 | D:2      | 1843 ||| UPGRADING to +0 ring mail.
  1853 | D:2      | 1853 ||| DROPPING +0 leather armour.
  1854 | D:2      | 1854 ||| READING scroll labelled IQITUSCH BUAGO.
  1855 | D:2      | 1855 ||| READING scroll labelled KIASTR AZOACY.
  1856 | D:2      | 1856 ||| DRINKING 2 sedimented red potions.
  1857 | D:2      | 1857 ||| DROPPING potion of invisibility.
  1929 | D:3      | HP: 6/26 [worm (9)]
  1929 | D:3      | Slain by a worm

Levels and vault maps discovered:
D:1:      dpeg_arrival_castle, layout_basic, serial_shops,
          nicolae_shop_waterfront, chequers_serial_rivers_micro_b
D:2:      layout_loops_ring, chequers_serial_rivers_micro_e, grunt_ministairs_3
D:3:      layout_rooms, serial_shops, shop

Skill      XL: |  1  2  3  4 |
---------------+-------------+-----
Ranged Weapons | 3 4 |  4.0
Fighting       | 2 |  2.0
Armour         | |  0.2
Dodging        | |  1.5
Spellcasting   | |  1.0
Hexes          | |  2.6

Action                     |  1- 3 |  4- 6 || total
---------------------------+-------+-------++-------
   Fire: Sling             |   142 |    39 ||   181
    Use: Scroll            |     2 |     2 ||     4
         Potion            |       |     1 ||     1
 Armour: Robe              |    20 |       ||    20
         Leather armour    |     5 |     4 ||     9
         Ring mail         |       |     4 ||     4
  Dodge: Dodged            |    48 |    10 ||    58

Table legend:
 A = Non-vault XP
 B = Vault XP
 C = Vault XP percentage of total XP
 D = Non-vault monster count
 E = Vault monster count
 F = Vault count percentage of total count
                 A         B        C        D         E       F
            +---------+---------+-------+---------+---------+-------
      Total |     101 |       3 |   2.9 |      46 |       2 |   4.2
            +---------+---------+-------+---------+---------+-------
        D:1 |      44 |       0 |   0.0 |      26 |       0 |   0.0
        D:2 |      53 |       3 |   5.4 |      17 |       2 |  10.5
        D:3 |       4 |       0 |   0.0 |       3 |       0 |   0.0
            +---------+---------+-------+---------+---------+-------
